 Dungeon Crawl Stone Soup version 0.24.0-1-gfbc8707 (webtiles) character file.

Game seed: 1250118884588795957, levelgen mode: deterministic

75 AmazingTV the Magician (level 4, -7/31 HPs)
             Began as a Demonspawn Wizard on Nov 18, 2019.
             Mangled by a worm (11 damage)
             ... on level 2 of the Dungeon.
             The game lasted 00:21:16 (1525 turns).

AmazingTV the Magician (Demonspawn Wizard)          Turns: 1525, Time: 00:21:16

Health: -7/31      AC:  2    Str:  8    XL:     4   Next: 11%
Magic:  2/9        EV: 12    Int: 20    God:
Gold:   67         SH:  0    Dex: 11    Spells: 5/10 levels left

rFire    . . .     SeeInvis .   u - +0 dagger (venom)
rCold    . . .     Gourm    .   (no shield)
rNeg     . . .     Faith    .   a - +0 robe
rPois    .         Spirit   .   b - +0 hat
rElec    .         Reflect  .   (no cloak)
rCorr    .         Harm     .   (no gloves)
MR       .....                  (no boots)
Stlth    ++........             (no amulet)
HPRegen  0.10/turn              (no ring)
MPRegen  0.11/turn              (no ring)

@: very slightly contaminated
A: horns 2
a: no special abilities


You were on level 2 of the Dungeon.
You were not hungry.

You visited 1 branch of the dungeon, and saw 2 of its levels.

You collected 67 gold pieces.

Inventory:

Hand Weapons
 o - a +0 mace
 p - a +0 dagger
 u - a +0 dagger of venom (weapon)
 w - a +0 whip
 y - a +0 mace
Missiles
 h - 13 poisoned darts (quivered)
 m - a throwing net
Armour
 a - a +0 robe (worn)
 b - a +0 hat (worn)
 g - a +0 scale mail
 j - a +0 scale mail
 l - a +0 ring mail
 s - a +0 ring mail
Jewellery
 n - an uncursed amulet of harm {unknown}
Scrolls
 c - a scroll of teleportation {unknown}
 e - a scroll of magic mapping {unknown}
 f - a scroll of amnesia {unknown}
 i - 2 scrolls of enchant armour {unknown}
 q - 3 scrolls of identify {unknown}
 r - a scroll of remove curse {unknown}
 v - a scroll of blinking {unknown}
Potions
 k - 2 potions of curing {unknown}
 t - a potion of degeneration {unknown}
 x - a potion of heal wounds {unknown}
Comestibles
 d - a ration


   Skills:
 + Level 0.9 Fighting
 * Level 0.7 Short Blades
 - Level 0.1 Maces & Flails
 * Level 2.3 Dodging
 * Level 2.3 Stealth
 + Level 3.5 Spellcasting
 + Level 1.5 Conjurations
   Level 1.0 Summonings
 + Level 0.9 Translocations


You had 5 spell levels left.
You knew the following spells:

 Your Spells              Type           Power        Failure   Level  Hunger
a - Magic Dart            Conj           #...         7%          1    None
b - Blink                 Tloc           N/A          14%         2    ##.....
c - Slow                  Hex            #.......     21%         2    ##.....

Your spell library contained the following spells:

 Spells                   Type           Power        Failure   Level  Hunger
 Call Imp                 Summ           #.......     14%         2    ##.....
 Conjure Flame            Conj/Fire      #.......     28%         3    ###....
 Mephitic Cloud           Conj/Pois/Air  #.......     32%         3    ###....


Dungeon Overview and Level Annotations

Branches:
Dungeon (2/15)

Altars:


Innate Abilities, Weirdness & Mutations

You have a pair of horns on your head.


Message History

You hit the worm but do no damage. Your headbutt misses the worm.
The worm is moderately wounded.
You hit the worm.
The worm looks as sick as possible!
The worm is heavily wounded.
The worm bites you!
Casting: Magic Dart (safe; 7% risk of failure)
Confirm with . or Enter, or press ? or * to list all spells.
Aiming: Slow (safe; 21% risk of failure)
Press: ? - help, Shift-Dir - straight line, f - worm
Aim: a worm (heavily wounded, poisoned, chance to defeat MR: 45%)
The worm resists with some effort.
Casting: Slow (safe; 21% risk of failure)
Confirm with . or Enter, or press ? or * to list all spells.
You miscast Blink.
You are very lightly contaminated with residual magic.
The world appears momentarily distorted!
The worm bites you!
* * * LOW HITPOINT WARNING * * *
The worm bites you!
You die...

.# #...# .### #...#### .# #...#
.# ##...... .# #...# .# ##......
.# ##### .# #....... .## .#
#....... ..# .# #....... #.##
###.# #....†.. ...######## #.w.#
#....... #.>.......######@###
##...... #.#######.....##.#
#.......
#.###.....######.#########.......
#.....##### #......÷...........
####### ############.......
#....... ##...... ##..... ######


You could see a worm.

Vanquished Creatures
  A hound (D:2)
  An adder (D:2)
  A shadow imp (D:2)
  A worm (D:2)
  A dart slug (D:1)
  A leopard gecko (D:1)
  2 ball pythons
  A giant cockroach (D:1)
  3 goblins (D:2)
  3 hobgoblins
  2 kobolds
  5 bats
  2 rats
24 creatures vanquished.

Notes
Turn   | Place    | Note
-------+----------+-------------------------------------------
     0 | D:1      | AmazingTV the Demonspawn Wizard began the quest for the
                  | Orb.
     0 | D:1      | Reached XP level 1. HP: 13/13 MP: 4/4
   554 | D:1      | Gained mutation: You have a pair of small horns on your
                  | head. [demonic ancestry]
   554 | D:1      | Reached XP level 2. HP: 19/19 MP: 3/6
   810 | D:2      | Learned a level 2 spell: Blink
  1141 | D:2      | Reached XP level 3. HP: 13/24 MP: 0/7
  1274 | D:2      | Learned a level 2 spell: Slow
  1506 | D:2      | Gained mutation: You have a pair of horns on your head.
                  | [demonic ancestry]
  1506 | D:2      | Reached XP level 4. HP: 29/31 MP: 3/9
  1525 | D:2      | Mangled by a worm

Levels and vault maps discovered:
D:1:      lemuel_arrival_broad_hall, layout_basic
D:2:      layout_rooms

Skill      XL: |  1  2 |
---------------+-------+-----
Stealth        | 2 |  2.3
Dodging        | 2 |  2.3
Fighting       | |  0.9
Short Blades   | |  0.7
Maces & Flails | |  0.1
Spellcasting   | |  3.5
Conjurations   | |  1.5
Summonings     | |  1.0
Translocations | |  0.9

Action                   |  1- 3 |  4- 6 || total
-------------------------+-------+-------++-------
Melee: Unarmed           |     3 |       ||     3
       Mace              |     8 |       ||     8
       Dagger            |    24 |     3 ||    27
       Headbutt          |     6 |       ||     6
Throw: Dart              |     1 |       ||     1
 Cast: Magic Dart        |    62 |       ||    62
       Blink             |     2 |       ||     2
       Slow              |       |     1 ||     1
  Eat: Chunk             |     1 |     1 ||     2
Armor: Robe              |    17 |       ||    17
Dodge: Dodged            |    44 |       ||    44
